Map: [ESL] Babylon

Players

ShoWTimE - Winner!

  • Race: Protoss Protoss
  • Spawn Location: 5:00

Kas

  • Race: Terran Terran
  • Spawn Location: 11:00

Event: ESL SC2 Masters 2023 Summer (Regionals)

VOD

Have the link to the VOD?

Description

Time

  • Played on: May 5, 2023, 9:18 a.m.
  • Length: 16:58

All games in this series

Show
View Real Time Build Order
Export as new Build Order

ShoWTimE Protoss - Winner!

Build Orders: 1 Gate Expand, Colossus Rush 

Get SALT Encoding   

  12  0:00  Probe  
  13  0:12  Probe  
  14  0:17  Pylon  
  14  0:24  Probe (Chrono Boost)  
  15  0:36  Probe (Chrono Boost)  
  15  0:37  Gateway  
  16  0:44  Probe (Chrono Boost)  
  16  0:46  Assimilator  
  17  0:51  Probe  
  18  1:03  Probe  
  19  1:15  Probe  
  20  1:23  Cybernetics Core  
  20  1:33  Nexus  
  20  1:36  Probe  
  21  1:44  Pylon  
  21  1:48  Probe  
  21  1:53  Assimilator  
  22  1:56  Warp Gate (Chrono Boost)  
  22  2:00  Probe  
  23  2:03  Stalker (Chrono Boost)  
  25  2:12  Probe  
  25  2:24  Probe, Stalker (Chrono Boost)  
  28  2:36  Probe  
  29  2:40  Gateway  
  29  2:45  Probe  
  29  2:47  Robotics Facility  
  30  2:54  Stalker  
  30  2:57  Probe  
  33  3:00  Probe  
  34  3:06  Pylon  
  34  3:10  Probe  
  35  3:17  Probe  
  36  3:22  Probe  
  36  3:26  Pylon  
  37  3:30  Probe  
  37  3:34  Probe  
  39  3:35  Observer  
  39  3:39  Stalker x2  
  44  3:42  Probe  
  44  3:46  Probe  
  46  3:54  Probe  
  46  3:56  Observer  
  46  3:58  Probe  
  46  4:02  Stalker x2  
  52  4:06  Probe, Assimilator  
  52  4:08  Assimilator  
  53  4:10  Probe  
  54  4:18  Probe, Robotics Bay  
  54  4:22  Probe  
  56  4:25  Pylon  
  56  4:30  Probe  
  57  4:34  Probe  
  58  4:43  Probe  
  58  4:44  Immortal (Chrono Boost)  
  59  4:46  Probe, Pylon, Gateway  
  64  4:55  Shield Battery  
  64  4:57  Pylon  
  64  4:59  Probe x2  
  66  5:05  Shield Battery  
  66  5:12  Colossus (Chrono Boost)  
  66  5:18  Pylon  
  72  5:23  Sentry  
  72  5:24  Extended Thermal Lance  
  74  5:28  Probe  
  74  5:29  Probe  
  74  5:33  Pylon  
  76  5:39  Pylon  
  76  5:40  Probe  
  76  5:42  Sentry  
  79  5:46  Pylon  
  79  5:50  Colossus (Chrono Boost)  
  79  5:55  Zealot  
  87  6:03  Nexus  
  87  6:06  Sentry  
  87  6:07  Phoenix  
  87  6:08  Probe  
  87  6:09  Probe  
  91  6:13  Stalker  
  93  6:20  Probe  
  93  6:21  Probe  
  93  6:22  Twilight Council  
  95  6:27  Pylon  
  95  6:33  Probe x2  
  95  6:38  Zealot x3  
  103  6:45  Probe  
  103  6:46  Forge  
  104  6:48  Colossus (Chrono Boost)  
  104  6:53  Probe  
  111  6:56  Charge (Chrono Boost)  
  111  7:06  Gateway  
  111  7:08  Probe  
  111  7:09  Probe  
  111  7:11  Pylon  
  113  7:17  Probe  
  113  7:18  Pylon, Protoss Ground Weapons Level 1 (Chrono Boost)  
  113  7:21  Probe x2  
  113  7:22  Zealot x2  
  120  7:29  Probe  
  119  7:34  Zealot  
  121  7:37  Pylon  
  121  7:40  Gateway  
  121  7:41  Assimilator  
  121  7:43  Assimilator  
  121  7:44  Gateway  
  121  7:45  Observer (Chrono Boost)  
  121  7:48  Probe  
  121  7:49  Probe  
  121  7:50  Probe  
  125  7:53  Zealot x2  
  129  7:58  Gateway  
  129  8:00  Gateway  
  129  8:03  Shield Battery  
  129  8:05  Immortal (Chrono Boost)  
  133  8:11  Zealot x2  
  135  8:18  Templar Archives  
  135  8:22  Pylon  
  135  8:23  Zealot x2  
  139  8:28  Robotics Facility  
  139  8:35  Probe  
  139  8:36  Probe  
  139  8:37  Warp Prism (Chrono Boost)  
  143  8:45  Blink (Chrono Boost)  
  143  8:50  Nexus  
  143  8:52  Probe x3  
  143  8:53  Pylon  
  146  8:57  High Templar x2  
  146  8:58  High Templar x3  
  146  8:59  High Templar  
  158  9:04  Probe  
  158  9:05  Archon x2  
  158  9:07  Disruptor (Chrono Boost)  
  158  9:09  Protoss Ground Weapons Level 2 (Chrono Boost)  
  162  9:10  Zealot x2, Archon  
  166  9:24  Pylon  
  166  9:28  Pylon  
  166  9:33  Pylon x2  
  166  9:35  Pylon  
  160  9:40  Zealot x3  
  160  9:44  Zealot x3  
  132  9:46  Disruptor (Chrono Boost)  
  132  9:49  Zealot x2  
  132  9:50  Disruptor (Chrono Boost)  
  111  9:58  Photon Cannon  
  114  10:01  Probe x3  
  117  10:09  High Templar x4  
  117  10:10  Zealot  
  117  10:12  Probe  
  117  10:13  Probe  
  129  10:16  Photon Cannon  
  129  10:17  Archon x2  
  129  10:21  Disruptor  
  129  10:24  Probe, Disruptor  
  134  10:29  Stalker  
  134  10:30  Probe x2  
  136  10:39  Shield Battery  
  136  10:43  Stalker x2  
  140  10:52  Stalker x3  
  140  10:53  Pylon  
  140  10:56  Disruptor  
  146  11:03  Dark Shrine  
  148  11:07  Forge  
  148  11:10  Zealot x5  
  148  11:11  Disruptor (Chrono Boost)  
  146  11:35  Zealot x8  
  146  11:39  Disruptor (Chrono Boost)  
  158  11:44  Disruptor (Chrono Boost)  
  150  11:53  Probe  
  147  11:54  Nexus  
  147  11:55  Pylon  
  147  11:57  Zealot x3  
  147  11:58  Zealot  
  147  11:59  Stalker x3  
  161  12:04  Protoss Ground Armor Level 1 (Chrono Boost)  
  161  12:05  Probe x2, Photon Cannon  
  163  12:09  Disruptor (Chrono Boost)  
  163  12:10  Shield Battery  
  163  12:11  Shadow Stride  
  163  12:13  Protoss Ground Weapons Level 3 (Chrono Boost)  
  163  12:15  Disruptor (Chrono Boost)  
  169  12:26  Zealot x5  
  173  12:32  Shield Battery  
  173  12:35  Disruptor (Chrono Boost)  
  150  12:51  Zealot x6  
  150  12:52  Zealot x2  
  150  12:55  Observer  
  161  13:12  Dark Templar x5  
  171  13:13  Zealot x3, Observer  
  177  13:26  Disruptor  
  180  13:27  Disruptor  
  180  13:28  Nexus  
  180  13:30  Pylon  
  183  13:40  Gateway  
  182  13:43  Zealot x3  
  182  13:44  Zealot x5, Gateway  
  167  14:11  Disruptor x2 (Chrono Boost)  
  167  14:14  Zealot x8  
  133  14:35  Stalker x9  
  133  14:36  Disruptor (Chrono Boost), Colossus (Chrono Boost)  
  151  14:39  Zealot  
  160  14:58  Zealot x7  
  160  14:59  Zealot x3  
  180  15:05  Disruptor (Chrono Boost)  
  181  15:09  Probe x5  
  172  15:23  Zealot x10  
  189  15:36  Colossus (Chrono Boost)  
  195  15:49  Stalker x3  
  199  15:54  Photon Cannon  
  199  15:56  Photon Cannon  
  199  15:58  Pylon  
  199  16:00  Shield Battery  
  199  16:02  Pylon  
  199  16:03  Zealot  
  199  16:09  Zealot x4  
  194  16:14  Zealot x5  
  188  16:18  Photon Cannon  
  188  16:21  Shield Battery  
  188  16:23  Pylon  
  177  16:25  Zealot  
  177  16:30  Stalker x4  
  187  16:38  Zealot x5  
Show
View Real Time Build Order
Export as new Build Order

Kas Terran 

Build Orders:  

Get SALT Encoding   

  12  0:00  SCV  
  13  0:12  SCV  
  14  0:17  Supply Depot  
  14  0:24  SCV  
  15  0:38  SCV  
  15  0:40  Barracks  
  16  0:45  Refinery  
  16  0:50  SCV  
  16  0:55  Refinery  
  17  1:02  SCV  
  18  1:15  SCV  
  19  1:27  Orbital Command, Marine  
  20  1:35  Factory  
  20  1:44  Supply Depot  
  20  1:53  SCV  
  21  2:03  Barracks Reactor  
  21  2:05  SCV  
  22  2:17  SCV  
  23  2:25  Command Center  
  23  2:29  SCV  
  24  2:41  SCV  
  24  2:42  Hellion  
  24  2:43  Hellion  
  29  2:48  Starport  
  29  2:51  Supply Depot  
  29  2:52  Barracks Tech Lab  
  29  2:57  SCV  
  30  3:09  SCV  
  31  3:15  Cyclone  
  31  3:19  Marine x2  
  36  3:21  SCV  
  36  3:26  Starport Tech Lab  
  37  3:33  SCV  
  38  3:36  Marine  
  38  3:37  Marine  
  38  3:38  Orbital Command  
  40  3:45  SCV  
  40  3:47  Banshee  
  44  3:55  Orbital Command  
  44  3:56  Siege Tank  
  44  3:57  SCV  
  44  4:02  Cloaking Field  
  48  4:08  Marine  
  48  4:09  SCV  
  50  4:11  Marine  
  50  4:15  Supply Depot  
  51  4:21  SCV x2, Supply Depot  
  53  4:33  SCV  
  53  4:36  Banshee  
  53  4:38  Siege Tank  
  56  4:42  SCV  
  56  4:43  Marine x2  
  59  4:46  SCV  
  59  4:49  Supply Depot  
  60  4:54  SCV  
  60  4:58  SCV, Supply Depot  
  62  5:01  Marine x2  
  62  5:06  SCV  
  65  5:10  SCV, Siege Tank  
  69  5:16  Command Center  
  69  5:18  SCV  
  69  5:20  Supply Depot  
  70  5:27  Barracks, SCV  
  71  5:30  Starport Reactor  
  71  5:31  SCV  
  71  5:34  Marine x2  
  71  5:35  Barracks  
  74  5:39  SCV  
  74  5:41  Refinery  
  75  5:43  Refinery  
  75  5:45  SCV, Siege Tank  
  79  5:51  SCV, Supply Depot  
  79  5:52  Marine x2  
  83  5:57  SCV  
  83  5:58  Engineering Bay  
  83  6:03  SCV, Supply Depot  
  84  6:09  SCV  
  84  6:10  Marine x2  
  87  6:12  Medivac x2  
  87  6:15  Marauder  
  93  6:21  Stimpack, SCV  
  94  6:27  Marine  
  94  6:29  Barracks Tech Lab  
  94  6:30  Barracks  
  95  6:33  Barracks  
  95  6:37  Orbital Command  
  95  6:40  SCV  
  95  6:44  Marine x2  
  98  6:49  Combat Shield  
  98  6:50  Siege Tank  
  98  6:52  SCV  
  98  6:53  Marauder  
  104  7:01  SCV  
  104  7:03  Terran Infantry Weapons Level 1, Orbital Command  
  104  7:07  SCV  
  106  7:09  Marine x2, Marauder  
  106  7:13  Supply Depot  
  106  7:14  SCV, Supply Depot  
  111  7:16  Marauder  
  111  7:17  Barracks Reactor  
  111  7:21  Barracks Tech Lab  
  113  7:24  Siege Tank  
  113  7:25  SCV  
  113  7:30  Marauder  
  113  7:34  SCV  
  115  7:37  SCV  
  115  7:38  SCV, Marine, Marauder  
  115  7:39  Marine  
  115  7:41  Refinery  
  115  7:43  Viking x2  
  125  7:44  Marauder  
  125  7:47  SCV  
  128  7:52  Marauder  
  128  7:55  Marine x2  
  128  7:57  SCV  
  133  7:58  Siege Tank  
  133  7:59  Marine x2, Marauder  
  133  8:01  Supply Depot x2  
  140  8:08  Concussive Shells  
  140  8:09  Supply Depot  
  140  8:11  Supply Depot  
  140  8:12  SCV x2  
  142  8:17  Viking  
  142  8:19  Sensor Tower  
  144  8:20  Marine x2, Viking  
  144  8:21  Marine  
  144  8:22  Marine  
  144  8:25  SCV  
  144  8:26  SCV  
  152  8:28  SCV  
  152  8:29  Marauder x3  
  159  8:39  Ghost Academy  
  140  8:51  Marauder x3  
  140  8:52  Viking x2  
  150  8:58  Marine x2  
  150  8:59  Marine  
  150  9:03  Refinery  
  150  9:12  Marauder x3, Marine  
  150  9:15  Marine  
  158  9:18  Supply Depot x2  
  158  9:32  Marine  
  158  9:33  Command Center, Ghost x3  
  117  9:58  Marine x2  
  117  9:59  Marine, Medivac x2  
  120  10:00  Marine  
  120  10:01  Ghost  
  120  10:02  Marauder x2  
  128  10:07  Barracks  
  128  10:08  Barracks  
  128  10:09  Barracks  
  128  10:10  Armory, Factory Reactor, Terran Infantry Armor Level 1  
  128  10:11  Engineering Bay  
  128  10:15  Marine  
  129  10:23  Marauder  
  129  10:24  Marauder  
  129  10:25  Marine x2  
  129  10:26  Marine  
  136  10:30  Marauder  
  136  10:33  Medivac x2  
  142  10:39  SCV  
  142  10:41  SCV  
  144  10:45  Marauder x2  
  144  10:48  SCV  
  149  10:50  Marine x2  
  149  10:51  Marine x3  
  149  10:53  Widow Mine x2, SCV  
  149  10:56  SCV  
  157  11:09  Marine  
  157  11:10  Marauder x2  
  162  11:12  Marine x4  
  162  11:13  Marine x3  
  158  11:27  Marine  
  136  11:46  Marine x2, Marauder x2  
  141  11:51  SCV  
  141  11:52  Marine x3, Marauder x2  
  141  11:53  Marine, Command Center  
  150  11:59  Liberator  
  153  12:03  Marine  
  153  12:04  Marine  
  153  12:06  Ghost  
  153  12:07  Ghost  
  159  12:10  Marine x3  
  159  12:12  Marine  
  159  12:13  Ghost  
  159  12:14  Marauder, SCV x2  
  169  12:20  Medivac  
  169  12:21  Marine x2  
  173  12:25  Terran Infantry Weapons Level 2, Terran Infantry Armor Level 2  
  173  12:29  SCV x2  
  173  12:30  Barracks Tech Lab  
  173  12:31  Barracks Tech Lab  
  173  12:34  Marine x2  
  173  12:35  Marauder  
  173  12:36  Marauder x2  
  181  12:39  Marine  
  181  12:40  Marine  
  181  12:42  Marauder  
  181  12:44  Widow Mine x2  
  154  12:51  Marine  
  154  12:57  Marauder x2  
  154  12:58  Marine x3, Marauder x3  
  166  13:03  Medivac x2  
  166  13:04  Marauder  
  174  13:09  Marine, Planetary Fortress  
  175  13:16  Widow Mine, Marine x3  
  175  13:18  Marauder x2  
  175  13:19  Marine, Marauder x2  
  189  13:24  Marine  
  190  13:27  Marine  
  190  13:33  Marine  
  190  13:34  Marine x2  
  188  13:37  Marauder  
  188  13:39  Marauder  
  194  13:43  Marine x2, Marauder x2  
  189  13:59  Marauder  
  189  14:01  Marauder  
  137  14:14  Marine, Marauder x2  
  128  14:17  Marine x3, Marauder  
  128  14:18  Marauder  
  128  14:20  Marine  
  128  14:21  Missile Turret  
  128  14:23  Orbital Command  
  131  14:24  SCV  
  131  14:28  Marauder  
  134  14:35  Missile Turret  
  134  14:36  Marauder  
  136  14:41  Orbital Command  
  136  14:42  Ghost x2  
  136  14:43  Marine x3, Marauder x2  
  136  14:44  SCV  
  148  14:47  SCV x2  
  148  14:50  Marauder, Marine  
  153  14:55  Missile Turret  
  153  14:56  SCV  
  153  14:57  Marine  
  153  14:58  Medivac x2  
  153  14:59  Widow Mine x2  
  163  15:01  Marine x3  
  163  15:04  Marauder  
  163  15:05  Marauder  
  167  15:08  Marine, SCV  
  161  15:25  Marauder x3, Marine  
  165  15:33  Marine x3, Marauder x2  
  166  15:38  Marauder  
  166  15:40  SCV x4  
  172  15:42  Marine  
  172  15:46  Marine, Marauder  
  172  15:50  Marauder  
  172  15:52  SCV  
  172  15:54  Marauder  
  172  15:55  Marauder  
  175  16:18  Marauder  
  153  16:28  Marauder x2  
  153  16:32  Marine x2  
  153  16:33  Marine x5  
  153  16:39  Marine  
Tags
 
Add a new tag
Caveats
  • Supply blocks, unpowered buildings, or Contaminate may cause inaccurate times.
  • Supply counts are checked every 10 seconds.